 Dungeon Crawl Stone Soup version 0.27-a0-909-g0721f309d1 (webtiles) character file.

Game seed: 877761438303214492

63 littlecub the Skirmisher (level 3, -1/37 HPs)
             Began as a Troll Fighter on Apr 8, 2021.
             Was an Initiate of Gozag.
             Killed by divine providence
             ... invoked by an orc priest
              (12 damage)
             ... on level 4 of the Dungeon.
             The game lasted 00:02:20 (1983 turns).

littlecub the Skirmisher (Troll Fighter)            Turns: 1983, Time: 00:02:20

Health: -1/37      AC:  4    Str: 25    XL:     3   Next: 87%
Magic:  2/2        EV:  8    Int:  4    God:    Gozag
Gold:   243        SH:  8    Dex:  9    Spells: 2/2 levels left

rFire    . . .     SeeInvis .     - Unarmed
rCold    . . .     Faith    .   b - +0 kite shield
rNeg     . . .     Spirit   .   a - +0 robe
rPois    .         Reflect  .   (helmet restricted)
rElec    .         Harm     .   (no cloak)
rCorr    .         Rampage  .   (gloves unavailable)
Will     .....                  (boots unavailable)
Stlth    +.........             h - amulet of regeneration
HPRegen  2.12/turn              (no ring)
MPRegen  0.08/turn              (no ring)

@: no status effects
A: large, unfitting armour, claws 3, regeneration 1, shaggy fur 1, tough skin 1
a: Renounce Religion, Potion Petition, Call Merchant, Bribe Branch


You were on level 4 of the Dungeon.
You worshipped Gozag.
Gozag was aware of your devotion.
You visited 1 branch of the dungeon, and saw 4 of its levels.

You collected 243 gold pieces.

Inventory:

Armour
 a - a +0 robe (worn)
 b - a +0 kite shield (worn)
Jewellery
 h - an amulet of regeneration (around neck)
 j - a ring of wizardry
 k - a ring of protection from cold
Scrolls
 d - a scroll of blinking {unknown}
 l - a scroll of identify {unknown}
 m - a scroll of enchant weapon {unknown}
Potions
 c - 2 potions of might
 e - 4 potions of curing {unknown}
 f - a potion of flight {unknown}
 g - 2 potions of magic {unknown}
 i - 2 potions of haste {unknown}
 n - a potion of degeneration {unknown}


   Skills:
 * Level 3.1 Fighting
 + Level 2.7 Dodging
 + Level 2.7 Shields
 * Level 2.8 Unarmed Combat


You had 2 spell levels left.
You didn't know any spells.
Your spell library contained the following spells:

 Spells                   Type           Power      Damage    Failure   Level
 Animate Skeleton         Necr           0%         N/A       91%         1
 Apportation              Tloc           0%         N/A       91%         1
 Corona                   Hex            0%         N/A       91%         1
 Summon Small Mammal      Summ           0%         N/A       91%         1


Dungeon Overview and Level Annotations

Branches:
Dungeon (4/15)
 Temple: D:4-7

Altars:
Gozag


Innate Abilities, Weirdness & Mutations

You are too large for most types of armour.
You have claws for hands.
Your natural rate of healing is unusually fast.
You are covered in fur. (AC +1)
You have tough skin. (AC +1)


Message History

The orc priest shouts! x2
An orc comes into view. It is wielding a +0 hand axe.
An orc wizard comes into view. It is wielding a +0 dagger.
The orc wizard shouts!
The orc shouts!
The orc becomes distracted by your gold, dreaming of imaginary riches.
You block the orc's attack.
You barely miss the orc.
The orc becomes distracted by your gold, dreaming of imaginary riches.
You barely miss the orc priest.
The orc shouts!
The orc wizard points at itself and mumbles some strange words.
The orc wizard flickers and vanishes!
Deactivating autopickup; reactivate with Ctrl-A.
The orc priest mumbles some strange prayers to Beogh against you.
Beogh smites you!
The orc shouts!
You closely miss the orc priest.
The orc priest hits you with a +0 dagger.
You scratch the orc priest but do no damage.
The orc is no longer distracted by gold. x2
The orc priest hits you with a +0 dagger.
The orc hits you with a +0 club.
The orc priest hits you with a +0 dagger.
Something hits you.
The orc priest casts a cantrip, but nothing happens.
You block the orc's attack.
You are too injured to fight recklessly!
You are too injured to fight recklessly!
You are too injured to fight recklessly!
You are too injured to fight recklessly!
You are too injured to fight recklessly!
You are too injured to fight recklessly!
You are too injured to fight recklessly!
You closely miss the orc priest. You block the orc priest's attack.
Something hits you. The orc hits you with a +0 club.
* * * LOW HITPOINT WARNING * * *
The orc priest mumbles some strange prayers to Beogh against you.
Beogh smites you!
You die...
Your body crumbles into a pile of gold.

......<.#..................#
........#.........#####...#######
........#.........##.............
..................##.##...#######
.....#............##.#...).......
............................>..##
##......#..........#.............
#......#..........#..#####.#####
.......@o.#.... ...
......oo{.##.#.. .###
.####.....##.#)....# ....o..# .#
... ........# .# .. ..........#
..........# .......#..#


You could see 2 orc priests and 2 orcs.

Vanquished Creatures
  An adder (D:3)
  A worm (D:4)
  A dart slug (D:2)
  2 endoplasms
  A giant cockroach (D:1)
  6 goblins
  5 hobgoblins
  2 jackals (D:1)
  3 quokkas (D:1)
  5 ball pythons
  6 bats
  4 frilled lizards
  4 kobolds
  5 rats
46 creatures vanquished.

Notes
Turn   | Place    | Note
-------+----------+-------------------------------------------
     0 | D:1      | littlecub the Troll Fighter began the quest for the Orb.
     0 | D:1      | Reached XP level 1. HP: 22/22 MP: 0/0
   196 | D:1      | Reached XP level 2. HP: 26/29 MP: 1/1
   438 | D:1      | Found a faded altar of an unknown god.
   446 | D:1      | Became a worshipper of Gozag Ym Sagoz the Greedy
   684 | D:2      | Reached XP level 3. HP: 36/36 MP: 2/2
  1271 | D:2      | Reached skill level 3 in Fighting
  1983 | D:4      | Killed from afar by an orc priest

Illustrated notes

Levels and vault maps discovered:
D:1:      scummos_arrival_star, layout_basic, basic_ecumenical_altar
D:2:      layout_loops_corners
D:3:      layout_rooms, minmay_misc_feat_diagonals
D:4:      layout_basic

Skill      XL: |  1  2  3 |
---------------+----------+-----
Fighting       | 3 |  3.1
Dodging        | |  2.7
Shields        | |  2.7
Unarmed Combat | |  2.8

Action                   || total
-------------------------++-------
Melee: Unarmed           ||    97
Armor: Robe              ||    33
Dodge: Dodged            ||    25
Block: Kite shield       ||    37

Table legend: (Time is in decaauts)
 A = Elapsed time spent in this place.
 B = Non-inter-level travel time spent in this place.
 C = Inter-level travel time spent in this place.
 D = Time resting spent in this place.
 E = Time spent auto-exploring this place.
 F = Levels seen in this place.
 G = Mean time per level.
                   A        B        C        D        E       F      G
               +--------+--------+--------+--------+--------+-----+--------+
         Total |   1998 |   1942 |     56 |      0 |   1667 |   4 |  499.5 |
       Dungeon |   1998 |   1942 |     56 |      0 |   1667 |   4 |  499.5 |
               +--------+--------+--------+--------+--------+-----+--------+

Top non-repeatable levels by time:
     D:2: 775 daAuts
     D:1: 688 daAuts
     D:3: 484 daAuts
     D:4: 50 daAuts
